 Dungeon Crawl Stone Soup version 0.29-a0-519-g90894fa (webtiles) character file.

Game seed: 16190837534279133469

31 Toastz the Slasher (level 3, -2/29 HPs)
             Began as a Barachi Warper on May 30, 2022.
             Slain by Robin
             ... wielding a +0 short sword
              (4 damage)
             ... on level 1 of the Dungeon.
             The game lasted 00:02:20 (1503 turns).

Toastz the Slasher (Barachi Warper)                 Turns: 1503, Time: 00:02:20

Health: -2/29      AC:  5    Str: 12    XL:     3   Next: 22%
Magic:  6/6        EV: 10    Int: 13    God:
Gold:   48         SH:  0    Dex: 13    Spells: 4/6 levels left

rFire   . . .      SeeInvis .   a - +0 falchion
rCold   + . .      Faith    .   (no shield)
rNeg    . . .      Spirit   .   h - +0 ring mail
rPois   .          Reflect  .   (no helmet)
rElec   .          Harm     .   (no cloak)
rCorr   .          Rampage  .   (no gloves)
Will    .....                   (no boots)
Stlth   +.........              (no amulet)
HPRegen 0.09/turn               i - ring of protection from cold
MPRegen 0.10/turn               (no ring)

@: unable to hop, slow
A: amphibious, slowness 1, strong legs 1, +LOS
a: Hop


You were on level 1 of the Dungeon.
You visited 1 branch of the dungeon, and saw 2 of its levels.

You collected 48 gold pieces.

Inventory:

Hand Weapons
 a - a +0 falchion (weapon)
Missiles
 d - 7 boomerangs of dispersal
 l - 8 stones (quivered)
Armour
 b - a +0 leather armour
 h - a +0 ring mail (worn)
Jewellery
 i - a ring of protection from cold (left hand)
Scrolls
 c - a scroll of blinking
 e - a scroll of identify {unknown}
 f - a scroll of teleportation {unknown}
 g - 2 scrolls of fear {unknown}
 j - a scroll of enchant armour {unknown}
 n - a scroll of enchant weapon {unknown}
Potions
 k - a potion of curing {unknown}
 m - a potion of cancellation {unknown}


   Skills:
 + Level 3.1 Fighting
 * Level 3.8 Long Blades
 - Level 1.0 Throwing
 - Level 1.2 Armour
 - Level 2.1 Dodging
 - Level 2.1 Spellcasting
 - Level 3.2 Translocations


You had 4 spell levels left.
You knew the following spells:

 Your Spells              Type           Power      Damage    Failure   Level
a - Blink                 Tloc           18%        N/A       22%         2

Your spell library contained the following spells:

 Spells                   Type           Power      Damage    Failure   Level
 Gell's Gravitas          Tloc           9%         N/A       41%         3
 Lesser Beckoning         Tloc           9%         N/A       41%         3
 Teleport Other           Tloc           9%         N/A       41%         3
 Manifold Assault         Tloc           9%         N/A       99%         5


Dungeon Overview and Level Annotations

Branches:
Dungeon (2/15)

Altars:

Annotations:
D:1 Robin
D:2 Natasha


Innate Abilities, Weirdness & Mutations

You are amphibious.
You cover ground slowly.
You can hop short distances.
You have an extended range of vision and can be seen from far away.


Message History

You closely miss the goblin.
The goblin is severely wounded.
The hobgoblin no longer looks unusually strong.
The goblin no longer looks unusually strong.
The goblin barely misses you.
You hit the goblin but do no damage.
The goblin is severely wounded.
The goblin hits you but does no damage.
You completely miss the goblin.
The goblin is severely wounded.
The goblin hits you but does no damage.
You slash the goblin!
You kill the goblin!
You barely miss the hobgoblin. The hobgoblin hits you.
* * * LOW HITPOINT WARNING * * *
Robin says, "A pitiful Frog like you will never find the ORB!"
Robin throws the goblin at you!
You hit the goblin.
You kill the goblin!
The hobgoblin completely misses you.
You completely miss the hobgoblin. The hobgoblin barely misses you.
Robin flexes a bicep menacingly.
You hit the hobgoblin.
You kill the hobgoblin!
You hit Robin but do no damage.
Robin is lightly wounded.
Robin closely misses you.
You hit Robin but do no damage.
Robin is lightly wounded.
Robin hits you with a +0 short sword.
* * * LOW HITPOINT WARNING * * *
Robin hits you but does no damage.
You hit Robin.
Robin is moderately wounded.
Robin hits you with a +0 short sword.
* * * LOW HITPOINT WARNING * * *
You barely miss Robin.
Robin is moderately wounded.
Robin hits you with a +0 short sword.
You die...

#.#########..##
#.# #...# #.#
#.... #.# #....
#.# ##.#. ####.##
##.. #...g.# ##.
#g##..# ##..
#@##..### ##...
#)##..#.## ##....
#.##..g..####.....
#.###.......+.....
#.# #....#.##.....
#.###....#.###....
#......#>#.# ##...
#####....#.# ##..
#..###.# ##'


You could see Robin.

Vanquished Creatures
  2 dart slugs (D:1)
  3 endoplasms (D:1)
  A giant cockroach (D:1)
  3 goblins (D:1)
  2 hobgoblins (D:1)
  2 quokkas (D:1)
  6 ball pythons (D:1)
  2 bats (D:1)
  A frilled lizard (D:1)
  3 rats (D:1)
25 creatures vanquished.

Notes
Turn   | Place    | Note
-------+----------+-------------------------------------------
     0 | D:1      | Toastz the Barachi Warper began the quest for the Orb.
     0 | D:1      | Reached XP level 1. HP: 17/17 MP: 3/3
   318 | D:1      | Reached XP level 2. HP: 19/23 MP: 5/5
   589 | D:1      | Learned a level 2 spell: Blink
  1300 | D:1      | Reached XP level 3. HP: 29/29 MP: 6/6
  1476 | D:2      | Noticed Natasha
  1476 | D:2      | Noticed Robin
  1503 | D:1      | Slain by Robin

Illustrated notes

Levels and vault maps discovered:
D:1:      amcnicky_arrival_gap_in_the_tavern_cellar, layout_loops_corners
D:2:      layout_rooms, shapermc_ecumenical_altar_starsandcircs,
          chequers_serial_rivers_large_b, hangedman_decor_growths, minivault_25,
          uniq_natasha, uniq_robin, uniq_terence, uniq_sigmund

Skill      XL: |  1  2 |
---------------+-------+-----
Long Blades    | 3 |  3.8
Fighting       | 3 |  3.1
Throwing       | |  1.0
Armour         | |  1.2
Dodging        | |  2.1
Spellcasting   | |  2.1
Translocations | |  3.2

Action                   || total
-------------------------++-------
Melee: Falchion          ||    90
       Punch             ||     1
 Abil: Hop               ||     1
Armor: Leather armour    ||     8
       Ring mail         ||    30
Dodge: Dodged            ||    60

Table legend: (Time is in decaauts)
 A = Elapsed time spent in this place.
 B = Non-inter-level travel time spent in this place.
 C = Inter-level travel time spent in this place.
 D = Time resting spent in this place.
 E = Time spent auto-exploring this place.
 F = Levels seen in this place.
 G = Mean time per level.
                   A        B        C        D        E       F      G
               +--------+--------+--------+--------+--------+-----+--------+
         Total |   1683 |   1656 |     27 |    104 |   1305 |   2 |  841.5 |
       Dungeon |   1683 |   1656 |     27 |    104 |   1305 |   2 |  841.5 |
               +--------+--------+--------+--------+--------+-----+--------+

Top non-repeatable levels by time:
     D:1: 1681 daAuts
     D:2: 1 daAuts
